 Dungeon Crawl Stone Soup version 0.24-a0-769-g368c1644f8 (webtiles) character file.

Game seed: 16383996173132035270, levelgen mode: deterministic

221 MalarOregon the Conjurer (level 5, -1/42 HPs)
             Began as a Draconian Conjurer on Oct 6, 2019.
             Slain by a leopard gecko (4 damage)
             ... on level 4 of the Dungeon.
             The game lasted 00:12:15 (3376 turns).

MalarOregon the Conjurer (Draconian Conjurer)       Turns: 3376, Time: 00:12:16

Health: -1/42      AC:  5    Str: 10    XL:     5   Next: 65%
Magic:  9/9        EV: 13    Int: 17    God:
Gold:   160        SH:  0    Dex: 11    Spells: 2/10 levels left

rFire    . . .     SeeInvis .   p - +2 spear (freeze)
rCold    . . .     Gourm    .   (no shield)
rNeg     . . .     Faith    .   (armour unavailable)
rPois    .         Spirit   .   (helmet restricted)
rElec    .         Reflect  .   (no cloak)
rCorr    .         Harm     .   (no gloves)
MR       .....                  (no boots)
Stlth    ++........             (no amulet)
HPRegen  0.14/turn              (no ring)
MPRegen  0.11/turn              (no ring)

@: very slightly contaminated, hasted, very quick
A: unfitting armour, cold-blooded, AC +5
a: no special abilities


You were on level 4 of the Dungeon.
You were not hungry.

You visited 1 branch of the dungeon, and saw 4 of its levels.

You collected 160 gold pieces.

Inventory:

Hand Weapons
 p - a +2 spear of freezing (weapon)
   (You found it on level 2 of the Dungeon)
Scrolls
 c - 4 scrolls of teleportation {@r4}
 g - 3 scrolls of amnesia
 h - 2 scrolls of enchant armour
 i - a scroll of magic mapping
 k - 2 scrolls of identify {@r1}
 m - a scroll of immolation {!r}
Potions
 a - 2 potions of brilliance {unknown}
 d - 2 potions of magic {unknown}
 f - 3 potions of curing {@q1}
 j - 2 potions of flight {unknown}
 l - a potion of ambrosia {unknown}
 n - a potion of haste {@q3}
 q - a potion of agility {unknown}
Comestibles
 e - 10 rations {!d}


   Skills:
 + Level 2.6 Fighting
 - Level 3.0 Dodging
 - Level 1.7 Stealth
 - Level 3.0 Spellcasting
 + Level 4.7 Conjurations
 + Level 1.6 Hexes


You had 2 spell levels left.
You knew the following spells:

 Your Spells              Type           Power        Failure   Level  Hunger
a - Magic Dart            Conj           ###.         2%          1    None
s - Dazzling Spray        Conj/Hex       ##....       14%         3    ###....
z - Fulminant Prism       Conj/Hex       ##........   43%         4    ####...

Your spell library contained the following spells:

 Spells                   Type           Power        Failure   Level  Hunger
 Searing Ray              Conj           ###...       3%          2    ##.....
 Corona                   Hex            #......      9%          1    None
 Ensorcelled Hibernation  Hex/Ice        #.....       19%         2    ##.....
 Iskenderun's Mystic Bla  Conj           ###.....     24%         4    ####...
 Confuse                  Hex            #.......     26%         3    ###....
 Tukima's Dance           Hex            #.......     26%         3    ###....
 Force Lance              Conj/Tloc      ##......     54%         4    ####...


Dungeon Overview and Level Annotations

Branches:
Dungeon (4/15)
 Temple: D:4-7

Altars:
Fedhas
Hepliaklqana
Qazlal
Uskayaw
Wu Jian


Innate Abilities, Weirdness & Mutations

Your plain brown scales are hard. (AC +5)
You cannot fit into any form of body armour.
You are cold-blooded and may be slowed by cold attacks.


Message History

The gnoll shouts!
A leopard gecko comes into view.
The leopard gecko hisses angrily.
A gnoll comes into view.
The gnoll shouts!
A gnoll comes into view.
The gnoll shouts!
A gnoll comes into view. It is wielding a +0 spear.
The gnoll shouts!
An orc wizard comes into view.
It is wielding a +2 dagger of protection.
The orc wizard shouts!
You hear a shout! x2
An orc comes into view. It is wielding a -3 flail.
An orc comes into view. It is wielding a +0 club.
You hear a shout!
A frilled lizard comes into view.
The frilled lizard hisses angrily.
Found a scroll of amnesia and 10 gold pieces.
Found a stone staircase leading up.
Unknown command. 2 orcs come into view.
The orc shouts! x2
The gnoll barely misses you. The leopard gecko closely misses you.
The gnoll hits you but does no damage. The gnoll hits you with a +0 whip.
The leopard gecko bites you. The gnoll completely misses you.
The gnoll closely misses you. The gnoll hits you!
* * * LOW HITPOINT WARNING * * *
Unknown command.
The gnoll hits you from afar with a +0 spear.
* * * LOW HITPOINT WARNING * * *
A frilled lizard comes into view.
The gnoll hits you from afar with a +0 spear!
* * * LOW HITPOINT WARNING * * *
The gnoll closely misses you. The orc barely misses you.
The frilled lizard hisses angrily.
The leopard gecko bites you.
* * * LOW HITPOINT WARNING * * *
There is a stone staircase leading up here.
Unknown command.
You feel better. The orc wizard barely misses you.
The gnoll hits you from afar with a +0 spear.
* * * LOW HITPOINT WARNING * * *
The orc barely misses you. The orc completely misses you.
The leopard gecko bites you.
* * * LOW HITPOINT WARNING * * *
It was a potion of haste.
You feel yourself speed up. The orc closely misses you.
The orc wizard hits you but does no damage.
The gnoll barely misses you. The leopard gecko bites you.
You die...

*,*******,* *,,**,*,**,*,** *,*
*** **,,**,**,,,,,* *,*
**,..,,,,,,,,, *,*********
########.#**,,,,,,, ,,,,,,,,,,*
#.....l...,,,***,*, *,,,,,,,,,*
#.........,,,* *,,, *,,,,,,,,,*
#.........,,,* **,, ***********
#.........,,,* *,, *
#o@o......,,,* **, *
#oloo.....,,,* *, *******
#.ggg.....,,,* *,
,,,,,,*########.g.......,,,* *,
,,,,,,*.................,,,* *,
,,,,,,*.................,,,* *,
,,,,,,*.........###############*,
,,,,,,*.........# #........,,
,,,,,,*.........# #........,,


You could see an orc wizard, 4 gnolls, 4 orcs, a leopard gecko and a frilled
lizard.

Vanquished Creatures
  An iguana (D:3)
  Terence (D:2)
  9 adders
  An ooze (D:1)
  3 worms (D:2)
  3 dart slugs
  An orc (D:3)
  8 bats
  7 giant cockroaches
  6 goblins
  7 hobgoblins
  2 jackals (D:3)
  10 kobolds
  2 quokkas
  3 frilled lizards
  9 rats
73 creatures vanquished.

Notes
Turn   | Place    | Note
-------+----------+-------------------------------------------
     0 | D:1      | MalarOregon the Draconian Conjurer began the quest for the
                  | Orb.
     0 | D:1      | Reached XP level 1. HP: 14/14 MP: 3/3
   167 | D:1      | Reached XP level 2. HP: 15/22 MP: 0/5
   378 | D:1      | Reached skill level 1 in Fighting
   641 | D:1      | Reached XP level 3. HP: 28/28 MP: 0/6
   710 | D:1      | Learned a level 3 spell: Dazzling Spray
  1441 | D:2      | Reached XP level 4. HP: 36/36 MP: 0/7
  1509 | D:2      | Learned a level 4 spell: Fulminant Prism
  1522 | D:2      | Noticed Terence
  1542 | D:2      | Killed Terence
  1655 | D:2      | Reached skill level 1 in Hexes
  2092 | D:2      | Reached XP level 5. HP: 41/41 MP: 5/9
  2167 | D:2      | Found a hazy altar of Hepliaklqana.
  2167 | D:2      | Found an ornate altar of the Wu Jian Council.
  2168 | D:2      | Found a blossoming altar of Fedhas.
  2241 | D:2      | Found a hide-covered altar of Uskayaw.
  2246 | D:2      | Found a stormy altar of Qazlal.
  2562 | D:3      | Found a blossoming altar of Fedhas.
  3348 | D:4      | Got a pitted hunting sling
  3351 | D:4      | Identified the cursed +2 hunting sling of Impermanence
                  | {freeze, +Blink rF- SInv} (You found it on level 4 of the
                  | Dungeon)
  3374 | D:4      | HP: 1/42 [leopard gecko (4)]
  3376 | D:4      | Slain by a leopard gecko

Levels and vault maps discovered:
D:1:      lightli_arrival_isolated_outpost, layout_basic
D:2:      layout_rooms, minitemple, gammafunk_temple_overflow_claw,
          wad_floor_pattern_2, minmay_tetromino_i4, uniq_terence
D:3:      layout_rooms, first_ration, serial_curves, eino_curves_03,
          eino_curves_02, fedhas_altar_1
D:4:      layout_basic, kennysheep_mini, minmay_ruptured, uniq_menkaure

Skill      XL: |  1  2  3  4  5 |
---------------+----------------+-----
Dodging        | 2 3 |  3.0
Fighting       | 1 2 |  2.6
Hexes          | 1 |  1.6
Spellcasting   | 3 |  3.0
Stealth        | |  1.7
Conjurations   | |  4.7

Action                   |  1- 3 |  4- 6 || total
-------------------------+-------+-------++-------
Melee: Short sword       |    28 |    34 ||    62
       Tailslap          |     1 |     4 ||     5
       Spear             |       |    10 ||    10
 Cast: Magic Dart        |    80 |    83 ||   163
       Dazzling Spray    |       |     3 ||     3
  Use: Scroll            |       |     8 ||     8
       Potion            |       |     2 ||     2
 Stab: Sleeping          |       |     2 ||     2
  Eat: Chunk             |     3 |     6 ||     9
Armor: Skin              |    17 |    23 ||    40
Dodge: Dodged            |    25 |    64 ||    89

Table legend:
 A = Non-vault XP
 B = Vault XP
 C = Vault XP percentage of total XP
 D = Non-vault monster count
 E = Vault monster count
 F = Vault count percentage of total count
                 A         B        C        D         E       F
            +---------+---------+-------+---------+---------+-------
      Total |     263 |      54 |  17.0 |      69 |       4 |   5.5
            +---------+---------+-------+---------+---------+-------
        D:1 |      53 |       0 |   0.0 |      26 |       0 |   0.0
        D:2 |     105 |      54 |  34.0 |      22 |       4 |  15.4
        D:3 |     105 |       0 |   0.0 |      21 |       0 |   0.0
            +---------+---------+-------+---------+---------+-------
